 Dungeon Crawl Stone Soup version 0.30-a0-122-g2a1322497e (webtiles) character file.

Game seed: 14928791163974088810

30 Pilot the Caller (level 3, -2/14 HPs)
             Began as a Felid Summoner on Sept 17, 2022.
             Slain by a gnoll
             ... wielding a +0 halberd
              (10 damage)
             ... on level 2 of the Dungeon.
             The game lasted 00:04:07 (1028 turns).

Pilot the Caller (Felid Summoner)                   Turns: 1028, Time: 00:04:08

Health: -2/14      AC:  1    Str:  6    XL:     3   Next: 5%
Magic:  2/7        EV: 18    Int: 16    God:
Gold:   71         SH:  0    Dex: 16    Spells: 3/6 levels left
                                        Lives:  0   Deaths: 0

rFire   . . .      SeeInvis +    (weapon unavailable)
rCold   . . .      Faith    .    (shield unavailable)
rNeg    . . .      Spirit   .    (body armour unavailable)
rPois   .          Reflect  .    (helmet unavailable)
rElec   .          Harm     .    (cloak unavailable)
rCorr   .          Rampage  .    (gloves unavailable)
Will    .....                    (boots unavailable)
Stlth   ++........               (no amulet)
HPRegen 0.04/turn                (no ring)
MPRegen 0.10/turn                (no ring)

@: quick
A: very small, claws 1, fangs 3, see invisible, speed 1, shaggy fur 1, stealthy
paws, no weapons or thrown items, no armour, multi-lived
a: no special abilities


You were on level 2 of the Dungeon.
You visited 1 branch of the dungeon, and saw 2 of its levels.

You collected 71 gold pieces.

Inventory:

Scrolls
 c - 2 scrolls of silence {unknown}
 e - a scroll of amnesia {unknown}
 g - a scroll of brand weapon {unknown}
Potions
 a - a potion of magic
 b - a potion of cancellation {unknown}
 d - a potion of lignification {unknown}
 f - a potion of flight {unknown}
 h - a potion of attraction {unknown}


   Skills:
 + Level 0.1 Fighting
 + Level 3.2 Dodging
 + Level 3.4 Stealth
 + Level 0.1 Unarmed Combat
 + Level 2.3 Spellcasting
 + Level 4.2 Summonings


You had 3 spell levels left.
You knew the following spells:

 Your Spells              Type           Power      Damage    Failure   Level
a - Summon Small Mammal   Summ           60%        N/A       3%          1
b - Call Imp              Summ           15%        N/A       5%          2

Your spell library contained the following spells:

 Spells                   Type           Power      Damage    Failure   Level
 Call Canine Familiar     Summ           15%        N/A       11%         3
 Apportation              Tloc           2%         N/A       21%         1
 Summon Guardian Golem    Hex/Summ       8%         N/A       26%         3
 Summon Lightning Spire   Summ/Air       8%         N/A       63%         4
 Alistair's Intoxication  Tmut/Pois      0%         N/A       99%         5


Dungeon Overview and Level Annotations

Branches:
Dungeon (2/15)

Altars:


Innate Abilities, Weirdness & Mutations

You have sharp claws.
You have razor-sharp teeth.
You have supernaturally acute eyesight. (SInv)
You cover ground quickly. (Speed+)
You are covered in fur. (AC +1)
Your paws help you pounce on unaware monsters.
You are incapable of wielding weapons or throwing items.
You cannot wear armour.
You gain extra lives every three experience levels.


Message History

The gnoll hits your rat with a +0 flail of protection!
Your rat dies!
Your rat's corpse disappears in a puff of smoke!
Your rat misses the gnoll. Something barely misses your rat.
Your rat bites the gnoll but does no damage.
The gnoll hits your rat with a +0 halberd!
Your rat dies!
Your rat's corpse disappears in a puff of smoke!
You swap places.
Your crimson imp barely misses the gnoll.
The gnoll hits your crimson imp with a +0 whip!
The gnoll completely misses your crimson imp.
The gnoll hits your crimson imp with a +0 whip!
Your crimson imp dies!
Your crimson imp disappears in a puff of smoke!
Casting: Call Imp (safe; 5% risk of failure)
Confirm with . or Enter, or press ? or * to list all spells.
A beastly little devil appears in a puff of frigid air.
The gnoll barely misses your white imp.
The gnoll closely misses your white imp.
Your white imp closely misses the gnoll.
The gnoll hits your white imp with a +0 whip.
Your white imp hits the gnoll.
Your white imp freezes the gnoll.
The gnoll closely misses your white imp.
Your white imp hits the gnoll.
Your white imp freezes the gnoll.
The gnoll barely misses your white imp.
Your white imp hits the gnoll.
The gnoll dies!
You have reached level 3!
Your experience leads to an increase in your attributes!
Increase (S)trength, (I)ntelligence, or (D)exterity?
You feel stronger. x2
You swap places.
A rat comes into view.
You scratch the gnoll but do no damage.
Your white imp barely misses the gnoll.
The gnoll hits you with a +0 flail of protection.
You swap places.
Your white imp hits the gnoll.
Your white imp freezes the gnoll.
The gnoll hits you from afar with a +0 halberd!
Ouch! That really hurt!
You die...

## ###
.#################5#####
................@.g#...
.#################g#.######
.# #.g........ .#
#..#......# .#######
#.......... ........
......r........ #########
####........#.# .........
#..#........ .....#####
#......<#...


You could see 2 gnolls and a friendly white imp (summoned).

Vanquished Creatures
  2 endoplasms (D:1)
  2 goblins (D:1)
  A quokka (D:1)
  2 bats (D:1)
  4 kobolds
  A rat (D:1)
12 creatures vanquished.

Vanquished Creatures (collateral kills)
  A gnoll (D:2)
  2 goblins (D:1)
  A hobgoblin (D:1)
  2 kobolds (D:1)
6 creatures vanquished.

Grand Total: 18 creatures vanquished

Notes
Turn   | Place    | Note
-------+----------+-------------------------------------------
     0 | D:1      | Pilot the Felid Summoner began the quest for the Orb.
     0 | D:1      | Reached XP level 1. HP: 7/7 MP: 4/4
   181 | D:1      | Reached XP level 2. HP: 9/11 MP: 3/6
   915 | D:2      | Learned a level 2 spell: Call Imp
   965 | D:2      | Found a faded altar of an unknown god.
  1024 | D:2      | Reached XP level 3. HP: 14/14 MP: 1/7
  1028 | D:2      | Slain by a gnoll

Illustrated notes

Levels and vault maps discovered:
D:1:      lordsloth_arrival_two_stooges, layout_rooms
D:2:      layout_basic, nicolae_ecumenical_oubliette

Skill      XL: |  1 |
---------------+----+-----
Stealth        | 3 |  3.4
Dodging        | 3 |  3.2
Fighting       | |  0.1
Unarmed Combat | |  0.1
Spellcasting   | |  2.3
Summonings     | |  4.2

Action                   || total
-------------------------++-------
Melee: Unarmed           ||    40
       Bite              ||     3
 Cast: Summon Small Mamm ||     9
       Call Imp          ||     2
 Stab: Sleeping          ||     3
Armor: Skin              ||     5
Dodge: Dodged            ||    37

Table legend: (Time is in decaauts)
 A = Elapsed time spent in this place.
 B = Non-inter-level travel time spent in this place.
 C = Inter-level travel time spent in this place.
 D = Time resting spent in this place.
 E = Time spent auto-exploring this place.
 F = Levels seen in this place.
 G = Mean time per level.
                   A        B        C        D        E       F      G
               +--------+--------+--------+--------+--------+-----+--------+
         Total |    932 |    845 |     87 |      0 |    659 |   2 |  466.0 |
       Dungeon |    932 |    845 |     87 |      0 |    659 |   2 |  466.0 |
               +--------+--------+--------+--------+--------+-----+--------+

Top non-repeatable levels by time:
     D:1: 749 daAuts
     D:2: 183 daAuts
